 Dungeon Crawl Stone Soup version 0.27.1-1-g398f81649c (webtiles) character file.

Game seed: 15230191533096456319

81 H0rd4k the Insei (level 4, -7/28 HPs)
             Began as an Octopode Transmuter on Sept 22, 2021.
             Mangled by a wyvern skeleton (12 damage)
             ... on level 3 of the Dungeon.
             The game lasted 00:02:34 (2579 turns).

H0rd4k the Insei (Octopode Transmuter)              Turns: 2579, Time: 00:02:34

Health: -7/28      AC:  1    Str:  9    XL:     4   Next: 40%
Magic:  8/8        EV: 13    Int: 16    God:
Gold:   97         SH:  0    Dex: 12    Spells: 4/8 levels left

rFire    + . .     SeeInvis .     - Unarmed
rCold    + . .     Faith    .   (no shield)
rNeg     . . .     Spirit   .   (helmet restricted)
rPois    +         Reflect  .   (no amulet)
rElec    +         Harm     .   c - ring of willpower
rCorr    +         Rampage  .   (no ring)
Will     +....                  (no ring)
Stlth    ++........             (no ring)
HPRegen  0.09/turn              (no ring)
MPRegen  0.11/turn              (no ring)
                                (no ring)
                                (no ring)

@: resistant
A: almost no armour, amphibious, 8 rings, camouflage 1, gelatinous body 1,
(nimble swimmer 1), tentacles
a: no special abilities


You were on level 3 of the Dungeon.
You visited 1 branch of the dungeon, and saw 3 of its levels.

You collected 97 gold pieces.

Inventory:

Hand Weapons
 a - a +1 rapier of flaming
Missiles
 f - 2 throwing nets
Jewellery
 c - a ring of willpower (left tentacle)
Scrolls
 b - a scroll of acquirement {unknown}
 d - a scroll of identify {unknown}
 e - a scroll of enchant weapon {unknown}
 h - a scroll of fear {unknown}


   Skills:
 + Level 1.1 Fighting
 + Level 2.1 Dodging
 + Level 4.0 Unarmed Combat
 * Level 2.7 Spellcasting
 * Level 2.4 Transmutations
 * Level 1.1 Poison Magic


You had 4 spell levels left.
You knew the following spells:

 Your Spells              Type           Power      Damage    Failure   Level
a - Beastly Appendage     Tmut           20%        N/A       7%          1
b - Spider Form           Tmut/Pois      3%         N/A       28%         3

Your spell library contained the following spells:

 Spells                   Type           Power      Damage    Failure   Level
 Wereblood                Tmut           10%        N/A       11%         2
 Gell's Gravitas          Tloc           1%         N/A       50%         3
 Lesser Beckoning         Tloc           1%         N/A       50%         3
 Teleport Other           Tloc           2%         N/A       50%         3
 Ice Form                 Ice/Tmut       6%         N/A       75%         4


Dungeon Overview and Level Annotations

Branches:
Dungeon (3/15)

Altars:
Sif Muna


Innate Abilities, Weirdness & Mutations

You cannot wear most types of armour.
You are amphibious.
You can wear up to eight rings at the same time.
Your skin changes colour to match your surroundings (Stealth+).
Your rubbery body absorbs attacks. (AC +1, EV +1)
((You are camouflaged near water. (Stealth+)))
You have tentacles for arms and can constrict up to eight enemies at once.


Message History

You tentacle-slap the quokka but do no damage.
Your squeeze misses the quokka.
The quokka is lightly wounded.
You constrict the quokka. The quokka bites you. x2
You tentacle-slap the quokka.
You kill the quokka!
There is an open door here.
Items here: ( ) ††.
Key pressed, stopping explore.
HP restored.
You now have 97 gold pieces (gained 8).
You open the door.
There is an open door here.
A wyvern skeleton comes into view.
A wyvern skeleton is nearby!
A wyvern skeleton is nearby!
You tentacle-slap the wyvern skeleton but do no damage.
You squeeze the wyvern skeleton.
The wyvern skeleton is lightly damaged.
The wyvern skeleton bites you!
You tentacle-slap the wyvern skeleton.
The wyvern skeleton is moderately damaged.
The wyvern skeleton bites you.
You barely miss the wyvern skeleton. You squeeze the wyvern skeleton!
The wyvern skeleton is heavily damaged.
The wyvern skeleton bites you!
* * * LOW HITPOINT WARNING * * *
It was a potion of resistance.
You feel protected. The wyvern skeleton barely misses you.
You aren't carrying any potions.
You aren't carrying any potions.
You aren't carrying any potions.
Unknown command.
You are too injured to fight recklessly!
Unknown command.
You tentacle-slap the wyvern skeleton. x2
The wyvern skeleton is severely damaged.
The wyvern skeleton bites you!
You die...

#########
......Z.#
#@# #.#
#.# #.#
#.# #.#
#.# #.#
#.#


You could see a wyvern skeleton.

Vanquished Creatures
  An adder (D:2)
  A gnoll (D:1)
  2 worms (D:2)
  2 dart slugs
  10 bats
  3 endoplasms
  2 giant cockroaches
  5 goblins
  2 hobgoblins (D:1)
  5 kobolds
  2 quokkas
  4 ball pythons
  7 frilled lizards
  9 rats (D:1)
55 creatures vanquished.

Notes
Turn   | Place    | Note
-------+----------+-------------------------------------------
     0 | D:1      | H0rd4k the Octopode Transmuter began the quest for the Orb.
     0 | D:1      | Reached XP level 1. HP: 13/13 MP: 3/3
    34 | D:1      | Reached XP level 2. HP: 4/18 MP: 3/5
   471 | D:1      | Reached XP level 3. HP: 18/23 MP: 6/6
   475 | D:1      | Learned a level 3 spell: Spider Form
   591 | D:1      | Found a faded altar of an unknown god.
  1307 | D:2      | Found a shimmering blue altar of Sif Muna.
  1663 | D:2      | Reached XP level 4. HP: 22/28 MP: 4/8
  2034 | D:2      | Reached skill level 4 in Unarmed Combat
  2143 | D:2      | Reached skill level 1 in Poison Magic
  2579 | D:3      | Mangled by a wyvern skeleton

Illustrated notes

Levels and vault maps discovered:
D:1:      lemuel_arrival_funnel, layout_basic,
          hellmonk_ecumenical_altar_leap_of_faith, bh_walls_and_bars
D:2:      layout_rooms, basic_altar
D:3:      layout_basic, nicolae_dithmenos_the_darkroom,
          beargit_hepliaklqana_dungeon_heroes, serial_shops,
          nicolae_shop_crystal, hangedman_abyss_or_decor_lesser_grid

Skill      XL: |  1  2  3  4 |
---------------+-------------+-----
Unarmed Combat | 4 |  4.0
Poison Magic   | 1 |  1.1
Fighting       | |  1.1
Dodging        | |  2.1
Spellcasting   | |  2.7
Transmutations | |  2.4

Action                   |  1- 3 |  4- 6 || total
-------------------------+-------+-------++-------
Melee: Unarmed           |    83 |    45 ||   128
       Constrict         |    25 |     9 ||    34
       Tentacles         |    10 |    10 ||    20
       Kick              |     1 |       ||     1
       Punch             |     3 |     3 ||     6
 Cast: Beastly Appendage |     1 |       ||     1
       Spider Form       |     1 |       ||     1
  Use: Potion            |       |     1 ||     1
 Stab: Sleeping          |     7 |     3 ||    10
Armor: Skin              |     9 |     5 ||    14
Dodge: Dodged            |    54 |    29 ||    83
